[Event "2023 Mary Thomson Cup (Division B)"]
[Site "Woodvale, Perth WA AUS"]
[Date "2023.03.15"]
[Round "7"]
[White "Janceski, Alex"]
[Black "Barry, David"]
[Result "0-1"]
[ECO "D30"]
[WhiteElo "1870"]
[BlackElo "1895"]
[PlyCount "120"]
[EventDate "2023.02.01"]
[EventType "tourn"]
[EventRounds "7"]
[EventCountry "AUS"]
[TimeControl "3600+30"]

1. c4 Nf6 2. d4 e6 3. a3 d5 4. e3 c6 5. Nf3 Nbd7 6. Nbd2 Bd6 7. Be2 O-O 8. O-O
e5 9. dxe5 Nxe5 10. Nxe5 Bxe5 11. Nf3 Bc7 12. Qc2 Bg4 13. Rd1 Qd6 14. g3 Qe7
15. Kg2 Rad8 16. b4 dxc4 17. Qxc4 Be6 18. Qc2 Bd5 19. Bb2 h5 20. Kg1 Be4 21.
Bxf6 gxf6 22. Qc1 Qe6 23. Nd4 Qh3 24. Bf1 Qg4 25. Bg2 Bxg2 26. Kxg2 h4 27. h3
Qe4+ 28. f3 Qe5 29. f4 Qe4+ 30. Nf3 hxg3 31. Qc3 Kg7 32. Rac1 Bb6 33. Re1 Rd3
34. Qc2 Re8 35. Rcd1 Rxe3 36. Qxe4 R8xe4 37. Kxg3 Bc7 38. Kf2 Bxf4 39. Rxe3
Rxe3 40. Ra1 Rb3 41. Ra2 Bc1 42. h4 Rxa3 43. Rc2 Bf4 44. Rc4 Ra2+ 45. Kg1 Be3+
46. Kh1 Rf2 47. Rg4+ Kh7 48. Rg3 Bf4 49. Rh3 Rb2 50. Nd4 Rxb4 51. Rd3 Be5 52.
Nf5 Kg6 53. Ne7+ Kh5 54. Kg2 Rxh4 55. Rd7 Rb4 56. Nc8 a5 57. Rxf7 a4 58. Rh7+
Kg6 59. Rh1 a3 60. Ne7+ Kg5 0-1

[Event "2023 Mary Thomson Cup (Division B)"]
[Site "Woodvale, Perth WA AUS"]
[Date "2023.03.22"]
[Round "7"]
[White "Leonhardt, Wolfgang"]
[Black "List, Ross"]
[Result "0-1"]
[ECO "B40"]
[WhiteElo "1778"]
[BlackElo "1773"]
[PlyCount "68"]
[EventDate "2023.02.01"]
[EventType "tourn"]
[EventRounds "7"]
[EventCountry "AUS"]
[TimeControl "3600+30"]

1. e4 c5 2. Nf3 e6 3. a3 a6 4. b4 cxb4 5. axb4 Bxb4 6. c3 Be7 7. d4 Qc7 8. Bd3
Nf6 9. O-O b6 10. Qe2 Bb7 11. c4 d6 12. Bb2 Nc6 13. Nbd2 e5 14. Rac1 O-O 15. d5
Nb4 16. Bb1 a5 17. Ba3 Na6 18. Ne1 Nd7 19. f4 exf4 20. Rxf4 Bf6 21. Nef3 b5 22.
cxb5 Nac5 23. g4 Rfe8 24. g5 Bd8 25. Nc4 Bxd5 26. Ncd2 Qb6 27. Kh1 Rb8 28. h4
Bc7 29. Kh2 Be6 30. Kh1 Qxb5 31. Qf2 Qa4 32. Bxc5 dxc5 33. Bc2 Qa3 34. e5 Qxc1+
0-1

[Event "2023 Mary Thomson Cup (Division B)"]
[Site "Woodvale, Perth WA AUS"]
[Date "2023.03.22"]
[Round "7"]
[White "Curthoys, Edward"]
[Black "Mechlowski, Lennard"]
[Result "0-1"]
[ECO "C10"]
[WhiteElo "1826"]
[BlackElo "1805"]
[PlyCount "92"]
[EventDate "2023.02.01"]
[EventType "tourn"]
[EventRounds "7"]
[EventCountry "AUS"]
[TimeControl "3600+30"]

1. e4 e6 2. d4 d5 3. Nd2 dxe4 4. Nxe4 Nd7 5. Nf3 Ngf6 6. Nxf6+ Nxf6 7. Bd3 Be7
8. O-O O-O 9. c3 b6 10. Qe2 Bb7 11. Ba6 Bxa6 12. Qxa6 Qc8 13. Qxc8 Raxc8 14.
Bf4 c5 15. dxc5 Bxc5 16. Rad1 Rfd8 17. Bg5 Be7 18. Rfe1 Kf8 19. Kf1 Rxd1 20.
Rxd1 Ke8 21. Ke2 Nd5 22. Bxe7 Kxe7 23. g3 f6 24. Nd4 g6 25. a3 Rc5 26. Kd3 e5
27. Nb3 Rc8 28. Ke4 Nc7 29. h4 h5 30. Rd2 Ke6 31. a4 f5+ 32. Ke3 Nd5+ 33. Ke2
a5 34. Rd1 Rc4 35. f4 Re4+ 36. Kf3 Rxa4 37. fxe5 Kxe5 38. Nd4 Ra2 39. Rb1 Nf6
40. Re1+ Kd5 41. Re2 Ne4 42. Kf4 a4 43. Nb5 Kc4 44. Nc7 a3 45. Na8 axb2 46.
Nxb6+ Kb3 0-1

[Event "2023 Mary Thomson Cup (Division C)"]
[Site "Woodvale, Perth WA AUS"]
[Date "2023.03.22"]
[Round "7"]
[White "Bhatia, Abhay"]
[Black "Oswald, Franz"]
[Result "1/2-1/2"]
[ECO "B43"]
[WhiteElo "1625"]
[BlackElo "1620"]
[PlyCount "90"]
[EventDate "2023.02.01"]
[EventType "tourn"]
[EventRounds "7"]
[EventCountry "AUS"]
[TimeControl "3600+30"]

1. e4 c5 2. Nf3 e6 3. d4 cxd4 4. Nxd4 Nc6 5. Nc3 Qc7 6. Ndb5 Qb8 7. g3 a6 8.
Nd4 Qc7 9. Bg2 Bb4 10. Nde2 Nge7 11. O-O O-O 12. a3 Ba5 13. b4 Bb6 14. Bb2 d6
15. Nf4 Ne5 16. b5 Nc4 17. Qc1 Nxb2 18. Qxb2 Bd4 19. Nfe2 Bxc3 20. Nxc3 Bd7 21.
bxa6 Rxa6 22. Ne2 Rc8 23. c3 Rb6 24. Qd2 Bb5 25. Rfc1 Bxe2 26. Qxe2 Rc6 27.
Rab1 Rc5 28. Rb3 d5 29. Qb2 Rb8 30. a4 h6 31. Rb4 Nc6 32. Rb6 Ne5 33. Qb1 Nc4
34. Rb4 Nd2 35. Qd3 Nxe4 36. Bxe4 dxe4 37. Rxe4 Rc8 38. c4 Qc6 39. Qc2 Ra8 40.
Ra1 Rca5 41. Rd4 g6 42. Qd2 Kg7 43. Qc3 Kh7 44. Rd8 Rxd8 45. Qxa5 Rc8 1/2-1/2

[Event "2023 Mary Thomson Cup (Division C)"]
[Site "Woodvale, Perth WA AUS"]
[Date "2023.03.22"]
[Round "7"]
[White "Garang, Kuol Awan"]
[Black "De Vas, Yonal"]
[Result "0-1"]
[ECO "B21"]
[WhiteElo "1619"]
[BlackElo "1739"]
[PlyCount "108"]
[EventDate "2023.02.01"]
[EventType "tourn"]
[EventRounds "7"]
[EventCountry "AUS"]
[TimeControl "3600+30"]

1. e4 c5 2. f4 g6 3. c3 d5 4. e5 Bg7 5. Na3 a6 6. Nf3 b5 7. d3 Bb7 8. Be2 Nd7
9. h3 e6 10. Be3 Ne7 11. Bf2 Rc8 12. Nc2 O-O 13. O-O h6 14. Bh4 Nb6 15. b3 Qc7
16. g4 Rfd8 17. Bf2 c4 18. Qe1 f6 19. Bxb6 Qxb6+ 20. d4 fxe5 21. fxe5 Nc6 22.
bxc4 dxc4 23. Rf2 Ne7 24. Ne3 g5 25. Rb1 Qc7 26. Rb2 Ng6 27. Ng2 Rf8 28. Qb1
Nf4 29. Nxf4 Rxf4 30. Nd2 Rxf2 31. Kxf2 Qc6 32. Bf3 Rf8 33. Qd1 Qd7 34. Kg3
Bxf3 35. Nxf3 Qf7 36. Rf2 Qf4+ 37. Kg2 Qe3 38. Qd2 Rxf3 39. Qxe3 Rxe3 40. Rf3
Rxf3 41. Kxf3 Bf8 42. Ke4 Kf7 43. d5 exd5+ 44. Kxd5 Ke8 45. Kc6 Bg7 46. Kb7 b4
47. cxb4 c3 48. Kxa6 c2 49. b5 c1=Q 50. a4 Qc8+ 51. Ka7 Bxe5 52. b6 Bb8+ 53.
Ka8 Bc7+ 54. Ka7 Qb8+ 0-1

[Event "2023 Mary Thomson Cup (Division D)"]
[Site "Woodvale, Perth WA AUS"]
[Date "2023.03.22"]
[Round "7"]
[White "Leech, Martin"]
[Black "Weijermars, Tristan"]
[Result "1/2-1/2"]
[ECO "B34"]
[WhiteElo "1424"]
[BlackElo "1520"]
[PlyCount "87"]
[EventDate "2023.02.01"]
[EventType "tourn"]
[EventRounds "7"]
[EventCountry "AUS"]
[TimeControl "3600+30"]

1. e4 c5 2. Nf3 Nc6 3. d4 cxd4 4. Nxd4 g6 5. Nc3 Bg7 6. Be3 e6 7. Bc4 Nge7 8.
Qd2 O-O 9. h4 d5 10. exd5 Nxd5 11. Nxd5 exd5 12. Bb3 Re8 13. O-O-O a5 14. Ba4
Bd7 15. h5 Nxd4 16. Bxd7 Qxd7 17. Bxd4 Bxd4 18. Qxd4 Rad8 19. hxg6 fxg6 20. Rh3
Re4 21. Qxe4 dxe4 22. Rxd7 Rxd7 23. Re3 Re7 24. f3 exf3 25. Rxf3 Re5 26. a3 g5
27. g4 b5 28. Kd2 Kg7 29. a4 b4 30. Re3 Kf6 31. c3 bxc3+ 32. bxc3 Rd5+ 33. Rd3
Ke5 34. Rxd5+ Kxd5 35. Kd3 Kc5 36. c4 h6 37. Kc3 Kc6 38. Kd4 h5 39. gxh5 g4 40.
h6 g3 41. h7 g2 42. h8=Q g1=Q+ 43. Ke4 Qb1+ 44. Ke3 1/2-1/2

[Event "2023 Mary Thomson Cup (Division E)"]
[Site "Woodvale, Perth WA AUS"]
[Date "2023.03.22"]
[Round "7"]
[White "Maujean, Jean Michel"]
[Black "De Vas, Senudi"]
[Result "1-0"]
[ECO "C01"]
[WhiteElo "1307"]
[BlackElo "1247"]
[PlyCount "131"]
[EventDate "2023.02.01"]
[EventType "tourn"]
[EventRounds "7"]
[EventCountry "AUS"]
[TimeControl "3600+30"]

1. e4 e6 2. d4 d5 3. Bd3 dxe4 4. Bxe4 Nf6 5. Bf3 Bd6 6. c4 O-O 7. Ne2 c5 8. O-O
Qc7 9. Ng3 Bxg3 10. fxg3 cxd4 11. Qxd4 Rd8 12. Qh4 Qc5+ 13. Kh1 Rd4 14. Be3
Rxh4 15. Bxc5 Rxc4 16. Ba3 Nbd7 17. Nc3 a6 18. Rad1 Rb8 19. Bd6 Ra8 20. a3 Ra7
21. Be5 Ne8 22. Bd4 Ra8 23. Be2 Rc7 24. Na4 Rc2 25. Bd3 Rc7 26. Rd2 b5 27. Nb6
Nxb6 28. Bxb6 Rd7 29. Rfd1 g6 30. Be4 Rxd2 31. Rxd2 Bb7 32. Bxb7 Rb8 33. Rd7
Kg7 34. Bd4+ Kf8 35. Be5 Nc7 36. Rxc7 Rd8 37. Rc8 Rxc8 38. Bxc8 a5 39. Bc7 b4
40. axb4 axb4 41. Bd6+ Ke8 42. Bxb4 Kd8 43. Ba6 Kc7 44. Kg1 Kb6 45. Bc4 Kc6 46.
Kf2 Kd7 47. Kf3 Kc6 48. Ke4 Kd7 49. Ke5 Ke8 50. Kf6 h5 51. Bb5+ Kd8 52. Kxf7 e5
53. Kxg6 Kc7 54. Kxh5 e4 55. g4 e3 56. g5 Kb6 57. Be2 Kc6 58. g6 Kd7 59. g7 Kc7
60. g8=Q Kb6 61. Qd8+ Kb7 62. Bc5 Kc6 63. Qd6+ Kb7 64. Bf3+ Kc8 65. Bb6 e2 66.
Qc7# 1-0

[Event "2023 Mary Thomson Cup (Division F)"]
[Site "Woodvale, Perth WA AUS"]
[Date "2023.03.22"]
[Round "7"]
[White "Brooke, John"]
[Black "Lanham, Bruce"]
[Result "1-0"]
[ECO "D02"]
[WhiteElo "1301"]
[BlackElo "1181"]
[PlyCount "119"]
[EventDate "2023.02.01"]
[EventType "swiss"]
[EventRounds "7"]
[EventCountry "AUS"]
[TimeControl "3600+30"]

1. d4 d5 2. Bf4 Nf6 3. h3 e6 4. Nf3 Bd6 5. Bg5 Nbd7 6. Nc3 O-O 7. Nb5 Be7 8.
Bf4 c5 9. Nc7 Rb8 10. c3 e5 11. dxe5 Qxc7 12. e3 Nh5 13. Bh2 Nb6 14. e6 Bd6 15.
Bxd6 Qxd6 16. exf7+ Rxf7 17. Ng5 Qf6 18. Nxf7 Qxf7 19. Be2 Nf6 20. b3 Be6 21.
Rc1 Rd8 22. Bf3 Qd7 23. Qc2 Bf5 24. Qe2 Be4 25. O-O Qf5 26. Bg4 Nxg4 27. Qxg4
Qxg4 28. hxg4 Kf7 29. f4 Ke6 30. g3 Rf8 31. Rf2 Nd7 32. Rh2 Rf7 33. Rf1 g6 34.
g5 Nb6 35. Rff2 Nc8 36. Rh6 Ne7 37. g4 b5 38. Kh2 a5 39. Kg3 Ng8 40. Rh4 Ne7
41. Rfh2 Nc6 42. Rxh7 Rxh7 43. Rxh7 d4 44. exd4 cxd4 45. cxd4 Nxd4 46. Rh6 Ne2+
47. Kf2 Nxf4 48. Ke3 Ke5 49. Rh7 Ne6 50. Re7 Bb1 51. a3 Be4 52. Rxe6+ Kxe6 53.
Kxe4 Kd6 54. Kd4 b4 55. a4 Kd7 56. Kd5 Kc7 57. Ke6 Kd8 58. Kf6 Ke8 59. Kxg6 Kf8
60. Kh7 1-0

[Event "2023 Mary Thomson Cup (Division F)"]
[Site "Woodvale, Perth WA AUS"]
[Date "2023.03.22"]
[Round "7"]
[White "Gough, Sebastian"]
[Black "Markou, Victor"]
[Result "1-0"]
[ECO "A20"]
[WhiteElo "1080"]
[BlackElo "1070"]
[PlyCount "87"]
[EventDate "2023.02.01"]
[EventType "swiss"]
[EventRounds "7"]
[EventCountry "AUS"]
[TimeControl "3600+30"]

1. c4 e5 2. e3 c6 3. a3 Nf6 4. Nc3 g6 5. b4 Bg7 6. Bb2 O-O 7. Qc2 Re8 8. g3 d5
9. O-O-O Bf5 10. Qb3 d4 11. Nce2 Be6 12. exd4 Ne4 13. Bg2 Nxf2 14. dxe5 Nd3+
15. Kb1 Nf2 16. Kc2 Nxd1 17. Kxd1 Nd7 18. d4 Nb6 19. d5 cxd5 20. cxd5 Nxd5 21.
Qf3 Ne3+ 22. Ke1 Nxg2+ 23. Qxg2 Bd5 24. Nf3 Bxf3 25. Qxf3 b6 26. Rf1 Qe7 27.
Qf4 Rac8 28. g4 Rf8 29. g5 b5 30. Rf3 Rc4 31. Qg3 Rc2 32. Ba1 Ra2 33. Bd4 Ra1+
34. Bxa1 Qe6 35. Qh4 Qd5 36. Rh3 f5 37. exf6 Qh1+ 38. Kf2 Kf7 39. Qxh7 Rg8 40.
fxg7 Qxa1 41. Rf3+ Ke6 42. Qxg8+ Kd6 43. Qf8+ Kd5 44. g8=Q+ 1-0